cohdb
Replays
Latest Replays
All Replays
Popular Replays
Top Player Replays
Match Explorer
How It Works
Community
CoH3 Stats
Reddit
Sign in to upload your games and track your stats! →
Sign in with Steam
Match 43769369
Unlisted
Match 43769369
Overview
Messages
Build Orders
End
Kradschützen Motorcycle Team
Selects Panzerjäger Kommand Battlegroup
Selects Panzerjäger Kommand Battlegroup
Selects Mine Fields
Panzergrenadier Squad
Panzergrenadier Squad
Construct Light Support Kompanie
Fire Support Elements
Panzergrenadier Squad
Veteran Squad Leaders
2.5-tonne Medical Truck
Panzerjäger Mechanized Group
Selects Tank Busters
Selects Crew Shock Tactics
Construct Panzerarmee Kommand
Kradschützen Motorcycle Team
le.IG 18 Support Gun Team
Walking Stuka Rocket Launcher
Pak 38 Anti-tank Gun Team
Walking Stuka Rocket Launcher
Rapid Advance
Crew Shock Tactics
dkluan92
rat.tat
Bogdan[UKR]
Mael Radec
Ļøĺ
Piikivirotta
anioki
Dolo
0
0
Comments
sign in to comment!
No comments posted yet!